Map: Disco Bloodbath LE

Players

Gremory

  • Race: Terran Terran
  • League: Master
  • Spawn Location: 9:00

Mez - Winner!

  • Race: Terran Terran
  • League: Master
  • Spawn Location: 3:00

VOD

Have the link to the VOD?

Description

Time

  • Played on: Aug. 22, 2019, 6:12 a.m.
  • Length: 13:11
Show
View Real Time Build Order
Export as new Build Order

Gremory Terran 

Build Orders: 1/1/1, Liberator Opening 

Get SALT Encoding   

  12  0:00  SCV  
  13  0:13  SCV  
  14  0:18  Supply Depot  
  14  0:25  SCV  
  15  0:35  Refinery  
  15  0:40  SCV  
  16  0:45  Barracks  
  16  0:52  SCV  
  17  1:01  Refinery  
  17  1:04  SCV  
  18  1:16  SCV  
  19  1:32  Orbital Command  
  19  1:35  Factory  
  19  1:42  Reaper  
  20  1:47  Supply Depot  
  20  1:58  SCV  
  21  2:10  SCV  
  21  2:14  Reaper  
  23  2:21  Starport, Hellion  
  25  2:23  SCV  
  25  2:41  Liberator  
  22  2:52  Hellion, Reaper  
  22  2:56  SCV  
  29  3:09  SCV, Supply Depot  
  30  3:32  Factory Tech Lab  
  30  3:33  Barracks Reactor  
  30  3:36  SCV  
  31  3:58  SCV  
  31  4:01  Factory Tech Lab  
  32  4:10  SCV  
  32  4:11  Marine x2, Raven  
  37  4:17  Supply Depot  
  37  4:22  SCV  
  38  4:25  Command Center  
  38  4:29  Marine  
  38  4:30  Marine  
  38  4:39  Siege Tank  
  41  4:47  Marine  
  41  4:48  Marine  
  43  4:54  SCV  
  43  4:56  Supply Depot  
  44  5:13  SCV  
  45  5:16  Siege Tank  
  45  5:33  Starport Reactor  
  44  5:36  Barracks x2  
  44  5:46  Orbital Command  
  44  5:48  SCV  
  48  5:57  Marine, Siege Tank  
  48  6:00  SCV, Orbital Command  
  50  6:07  Engineering Bay  
  50  6:08  Engineering Bay  
  50  6:14  SCV  
  44  6:26  SCV  
  45  6:37  Orbital Command  
  45  6:38  SCV, Terran Infantry Weapons Level 1  
  45  6:39  Terran Infantry Armor Level 1  
  45  6:42  Medivac  
  45  6:43  Marine, Medivac  
  45  6:45  Barracks Reactor  
  50  6:50  SCV  
  51  6:59  Stimpack  
  51  7:02  SCV  
  51  7:07  SCV  
  53  7:10  Command Center  
  53  7:11  Marine x2  
  53  7:12  Marine  
  53  7:14  SCV  
  57  7:20  SCV  
  57  7:21  Refinery  
  58  7:23  Refinery  
  58  7:26  SCV  
  58  7:28  Missile Turret  
  58  7:29  Marine x2  
  61  7:31  Marine  
  61  7:32  Marine, SCV  
  61  7:36  Marine  
  65  7:39  SCV  
  65  7:44  SCV  
  67  7:45  Supply Depot  
  67  7:47  Marine x2  
  67  7:49  Missile Turret  
  67  7:51  SCV  
  70  7:54  Armory  
  70  8:06  Marine x4, SCV x2, Medivac  
  70  8:10  Missile Turret  
  78  8:21  Marine, Siege Tank, SCV x2  
  78  8:22  Orbital Command  
  84  8:27  Missile Turret  
  84  8:30  Marine, Medivac  
  84  8:31  Marine x2  
  84  8:32  Marine  
  84  8:33  SCV x2  
  92  8:38  Combat Shield  
  92  8:45  SCV  
  93  8:49  Terran Infantry Armor Level 2, SCV, Terran Infantry Weapons Level 2  
  93  8:51  SCV  
  92  9:02  Marine  
  93  9:03  Marine, Orbital Command  
  93  9:22  Missile Turret  
  93  9:26  Supply Depot  
  93  9:27  Supply Depot  
  93  9:30  Marine x2, Siege Tank, SCV x3  
  101  9:43  Sensor Tower  
  101  9:48  Marine, SCV x3, Medivac x2  
  101  9:49  Marine x2  
  111  9:54  Barracks  
  111  9:55  Barracks  
  111  10:00  SCV  
  111  10:04  Liberator  
  112  10:09  Marine x5  
  110  10:14  Liberator  
  110  10:20  Siege Tank  
  116  10:24  Missile Turret  
  116  10:27  Marine  
  117  10:31  Marine x2  
  117  10:33  Marine  
  117  10:34  Marine  
  108  10:44  Marine, Barracks Reactor  
  108  10:45  Barracks Reactor  
  108  10:47  SCV x2  
  108  10:48  Marine  
  108  10:49  Marine, Terran Vehicle Weapons Level 1  
  113  10:50  Supply Depot  
  113  10:51  Supply Depot  
  113  10:54  Factory  
  113  10:55  Marine x2  
  115  10:57  Barracks  
  115  10:58  Barracks  
  115  11:02  Marine  
  116  11:06  Marine  
  117  11:12  SCV x2  
  117  11:13  Sensor Tower  
  117  11:14  Marine x3, Refinery  
  117  11:15  Refinery  
  117  11:16  Command Center  
  122  11:20  Marine  
  122  11:24  Marine  
  105  11:32  Marine  
  105  11:33  Marine x6  
  105  11:34  Siege Tank  
  105  11:38  Marine  
  116  11:42  Marine  
  116  11:43  Marine  
  116  11:46  Factory Tech Lab  
  118  11:47  Marine  
  118  11:48  Medivac  
  118  11:50  Marine x5  
  126  12:06  Marine x2, Siege Tank  
  131  12:18  Medivac  
  133  12:27  Siege Tank, Medivac  
  138  12:30  Marine x6  
  138  12:31  Marine x2  
  145  12:41  SCV  
  145  12:42  SCV x2  
  148  12:49  Marine x3  
Show
View Real Time Build Order
Export as new Build Order

Mez Terran - Winner!

Build Orders:  

Get SALT Encoding   

  12  0:00  SCV  
  13  0:13  SCV  
  14  0:19  Supply Depot  
  14  0:25  SCV  
  15  0:42  Barracks  
  15  0:45  Refinery  
  15  0:58  Barracks  
  15  1:02  SCV  
  16  1:10  Refinery  
  16  1:18  SCV  
  17  1:31  Reaper  
  18  1:36  Orbital Command  
  18  1:45  Reaper  
  19  1:55  Supply Depot  
  19  2:03  Reaper  
  19  2:08  SCV  
  21  2:22  SCV  
  22  2:27  Reaper  
  23  2:35  Reaper  
  24  2:41  SCV  
  22  2:54  SCV  
  22  2:58  Factory  
  22  2:59  Reaper  
  23  3:06  SCV  
  23  3:10  Reaper  
  25  3:31  SCV, Reaper  
  26  3:38  Command Center  
  26  3:43  SCV  
  26  3:44  Factory Tech Lab  
  26  3:45  Supply Depot  
  26  3:48  Starport  
  27  3:59  SCV  
  28  4:03  Cyclone  
  32  4:17  SCV  
  32  4:29  SCV  
  32  4:37  Cyclone  
  34  4:39  Starport Tech Lab  
  34  4:41  SCV, Supply Depot  
  36  4:53  SCV  
  36  4:56  Orbital Command  
  36  5:01  Raven  
  36  5:05  SCV  
  37  5:17  SCV  
  36  5:29  SCV  
  36  5:33  Orbital Command  
  37  5:44  Barracks Tech Lab  
  37  5:47  Siege Tank, Raven  
  37  5:48  Barracks  
  37  5:49  Barracks  
  42  5:50  SCV  
  43  5:59  SCV  
  43  6:02  SCV  
  45  6:07  Marine, Refinery  
  45  6:08  Stimpack  
  45  6:11  SCV  
  47  6:13  Barracks  
  47  6:14  SCV  
  47  6:15  Barracks  
  48  6:22  Engineering Bay  
  48  6:23  SCV  
  48  6:26  SCV  
  48  6:31  Marine  
  48  6:32  Siege Tank  
  53  6:35  SCV  
  53  6:38  SCV  
  55  6:43  Barracks Reactor  
  55  6:47  SCV  
  55  6:49  Starport Reactor  
  55  6:50  SCV  
  55  6:51  Refinery  
  57  6:55  Barracks Reactor  
  57  6:59  Marine, SCV  
  59  7:01  Terran Infantry Weapons Level 1  
  59  7:02  SCV  
  59  7:03  Supply Depot  
  60  7:11  SCV  
  60  7:14  SCV, Barracks Reactor x2  
  62  7:23  Supply Depot  
  62  7:25  SCV, Supply Depot  
  62  7:26  Marine x2  
  62  7:27  Marine, SCV  
  67  7:37  Medivac  
  67  7:39  Marine  
  70  7:44  Marine x3, SCV x2, Medivac  
  70  7:46  Supply Depot  
  70  7:47  Supply Depot  
  70  7:49  Combat Shield  
  77  7:54  Siege Tank  
  77  7:55  Marine x2  
  82  8:11  Command Center  
  82  8:13  Marine x5  
  87  8:21  Medivac x2  
  87  8:22  SCV x2  
  93  8:28  Supply Depot  
  93  8:31  Marine, Supply Depot  
  93  8:32  Marine x2  
  96  8:39  Marine x4  
  100  8:48  SCV x2  
  100  8:49  Marine x2  
  104  9:00  Marine x6  
  104  9:02  Siege Tank, Medivac x2  
  115  9:23  Marine x3  
  118  9:28  Supply Depot  
  118  9:29  Marine x6  
  124  9:31  Supply Depot  
  124  9:36  Siege Tank  
  127  9:39  Orbital Command  
  127  9:40  Marine  
  127  9:41  Marine  
  127  9:45  SCV x2  
  129  9:55  Marine x7  
  129  9:57  SCV  
  129  9:58  Marine x2, Medivac  
  141  10:02  Terran Infantry Armor Level 1  
  111  10:36  Marine  
  111  10:40  Marine x8  
  111  10:41  Siege Tank  
  106  10:43  Armory  
  106  10:44  Medivac x2  
  106  10:45  Engineering Bay  
  110  10:51  SCV x3  
  110  10:54  Marine  
  114  10:58  Marine x3  
  114  11:02  Refinery  
  114  11:03  Marine x5, SCV x2  
  114  11:04  Refinery  
  124  11:12  Marine  
  124  11:14  Siege Tank  
  124  11:15  Marine  
  124  11:16  Marine x2  
  124  11:17  Liberator x2  
  131  11:21  Marine x2  
  131  11:23  Marine x3  
  128  11:30  Marine  
  130  11:33  Marine x3  
  130  11:39  Marine x2  
  137  11:52  Marine  
  137  11:53  Marine x6  
  144  11:54  Siege Tank  
  144  11:57  Marine x2  
  149  12:10  Marine  
  149  12:13  Marine x6  
  149  12:14  Marine  
  157  12:33  Marine  
  157  12:40  Marine x8, Supply Depot x3  
  157  12:42  Supply Depot  
  164  12:50  Marine  
Tags
 
Add a new tag
Caveats
  • Supply blocks, unpowered buildings, or Contaminate may cause inaccurate times.
  • Supply counts are checked every 10 seconds.